 Dungeon Crawl Stone Soup version 0.18.1-1-g2f07953 (webtiles) character file.

44 Eucla the Skirmisher (level 3, 0/29 HPs)
             Began as a Demonspawn Berserker on Apr 30, 2016.
             Was a Follower of Trog.
             Slain by a goblin
             ... wielding a +0 dagger
              (2 damage)
             ... on level 2 of the Dungeon on May 6, 2016.
             The game lasted 00:05:26 (2464 turns).

Eucla the Skirmisher (Demonspawn Berserker)         Turns: 2464, Time: 00:05:27

Health: 0/29       AC:  7    Str: 17    XL:     3   Next: 41%
Magic:  3/3        EV: 10    Int:  8    God:    Trog [*.....]
Gold:   134        SH:  0    Dex: 16    Spells: 0 memorised, 2 levels left

rFire  . . .     SeeInvis .     a - +0 hand axe
rCold  . . .     Gourm    .     r - +0 scale mail
rNeg   . . .     Faith    .     (no shield)
rPois  .         Spirit   .     (no helmet)
rElec  .         Dismiss  .     (no cloak)
rCorr  .         Reflect  .     m - +0 pair of gloves (curse)
SustAt .         Harm     .     (no boots)
MR     +....                    p - amulet of rage
Stlth  ..........               u - +3 ring of dexterity
                                j - ring of protection from magic

@: somewhat resistant to hostile enchantments, extremely unstealthy
A: talons 1
a: Berserk, Burn Spellbooks, Renounce Religion, Evoke Berserk Rage


You were on level 2 of the Dungeon.
You worshipped Trog.
Trog was aware of your devotion.
You were hungry.

You visited 1 branch of the dungeon, and saw 2 of its levels.

You collected 134 gold pieces.

Inventory:

Hand Weapons
 a - a +0 hand axe (weapon)
Armour
 b - a +0 animal skin
 m - a cursed +0 pair of gloves (worn)
 r - a +0 scale mail (worn)
Jewellery
 j - a ring of protection from magic (left hand)
 p - an amulet of rage (around neck)
 u - a +3 ring of dexterity (right hand)
Scrolls
 d - 5 scrolls of identify {unknown}
 e - a scroll of noise {unknown}
 l - a scroll of amnesia {unknown}
 q - a scroll of magic mapping {unknown}
Potions
 f - 2 potions of haste {unknown}
 g - 2 potions of agility {unknown}
 h - a potion of curing {unknown}
 i - 2 potions of flight {unknown}
 k - 3 potions of invisibility {unknown}
 s - a potion of resistance {unknown}
 t - a potion of heal wounds {unknown}
Comestibles
 c - a bread ration
 n - a slice of pizza
 o - a beef jerky


   Skills:
 + Level 3.6 Fighting
 * Level 3.6 Axes
 - Level 1.7 Armour
 - Level 1.7 Dodging


You had 2 spell levels left.
You didn't know any spells.

Dungeon Overview and Level Annotations

Branches:
Dungeon (2/15)

Altars:
Trog
Xom


Innate Abilities, Weirdness & Mutations

You have sharp toenails.


Message History

The goblin hits you with a dagger.
* * * LOW HITPOINT WARNING * * *
The goblin barely misses you. The goblin misses you.
The goblin hits you but does no damage. The goblin barely misses you.
The goblin hits you but does no damage. The goblin closely misses you.
The goblin barely misses you. The goblin hits you but does no damage.
The goblin barely misses you. The goblin hits you but does no damage.
The goblin hits you but does no damage. The goblin hits you but does no damage.
The goblin barely misses you. The goblin hits you with a dagger.
* * * LOW HITPOINT WARNING * * *
The goblin closely misses you. The goblin hits you with a dagger.
You die...

.##########.# #.#.#.#.#
#. (# #........#
#)#)#.#.# #.
.##############.#.#.#.#
#.
..............#.#.#.#.#
##
########.#........#.#.#
#.#..#.#.###.#.#
#.#..#.#.....#.#
#.#..#.#######.#
#.#......@g....########
#.#.#.....###.........#
##.#...#.#...........#.#
#........#####.#.....#.#
#..###.>.........#.#.#.#
#..# #......##...#...#.#
#..# #......##...#.###.#
#..# #....).##.........#
####).#
#......##..##.########


You could see a goblin.

Vanquished Creatures
  An adder (D:2)
  An ooze (D:1)
  A dart slug (D:1)
  10 goblins
  2 hobgoblins
  4 bats
  A giant newt (D:2)
  3 kobolds
  6 rats
29 creatures vanquished.

Notes
Turn   | Place    | Note
--------------------------------------------------------------
     0 | D:1      | Eucla the Demonspawn Berserker began the quest for the Orb.
     0 | D:1      | Reached XP level 1. HP: 18/18 MP: 1/1
   298 | D:1      | Gained mutation: You have sharp toenails. [demonic ancestry]
   298 | D:1      | Reached XP level 2. HP: 2/24 MP: 2/2
  1330 | D:2      | Found a shimmering altar of Xom.
  1697 | D:2      | Reached XP level 3. HP: 29/29 MP: 3/3
  2096 | D:2      | Found a bloodstained altar of Trog.
  2224 | D:2      | Upgraded the game from 0.18-b1 to 0.18.1-1-g2f07953
  2464 | D:2      | Slain by a goblin

Skill      XL: |  1 |
---------------+----+-----
Axes           | 3 |  3.6
Fighting       | |  3.6
Armour         | |  1.7
Dodging        | |  1.7

Action                   || total
-------------------------++-------
Melee: Hand axe          ||    86
       Kick              ||    11
Invok: Berserk           ||     3
  Eat: Chunk             ||     7
Armor: Animal skin       ||    17
       Scale mail        ||   102
Dodge: Dodged            ||   150
